 Dungeon Crawl Stone Soup version 0.23.2-33-g5129a83184 (webtiles) character file.

Game seed: 5819830094789454908

726 Atelerd the Magician (level 7, -1/42 HPs)
             Began as an Octopode Conjurer on July 19, 2019.
             Was an Initiate of Sif Muna.
             Splashed by a jelly's acid (7 damage)
             ... on level 4 of the Dungeon on July 20, 2019.
             The game lasted 00:09:28 (4757 turns).

Atelerd the Magician (Octopode Conjurer)            Turns: 4757, Time: 00:09:28

Health: -1/42      AC: -4    Str:  7    XL:     7   Next: 72%
Magic:  16/16      EV: 13    Int: 19    God:    Sif Muna [......]
Gold:   302        SH:  0    Dex: 13    Spells: 9/18 levels left

rFire    . . .     SeeInvis .   u - +4 quarterstaff (chaos)
rCold    . . .     Gourm    .   (shield currently unavailable)
rNeg     . . .     Faith    .   (helmet restricted)
rPois    .         Spirit   .   (no amulet)
rElec    .         Reflect  .   (no ring)
rCorr    .         Harm     .   (no ring)
MR       .....                  (no ring)
Stlth    +++.......             (no ring)
HPRegen  0.14/turn              (no ring)
MPRegen  0.15/turn              (no ring)
                                (no ring)
                                (no ring)

@: corroded
A: almost no armour, stealthy swim, amphibious, 8 rings, constrict 8, tentacle
spike 1, icy blue scales 1, rugged brown scales 1, camouflage 1, sense
surroundings 1, gelatinous body 1
a: Renounce Religion


You were on level 4 of the Dungeon.
You worshipped Sif Muna.
Sif Muna was noncommittal.
You were not hungry.

You visited 2 branches of the dungeon, and saw 6 of its levels.

You collected 302 gold pieces.

Inventory:

Hand Weapons
 a - a +0 dagger
 g - a +0 dagger
 u - a +4 quarterstaff of chaos (weapon)
Missiles
 c - 79 stones (quivered)
 s - 7 silver javelins
Jewellery
 e - an uncursed amulet of magic regeneration {unknown}
Wands
 m - a wand of paralysis (3)
Scrolls
 f - 4 scrolls of remove curse {unknown}
 h - 6 scrolls of amnesia {unknown}
 i - 11 scrolls of identify {unknown}
 j - 2 scrolls of enchant armour {unknown}
 k - 2 scrolls of enchant weapon {unknown}
 n - 3 scrolls of fear {unknown}
 o - a scroll of immolation {unknown}
 w - a scroll of teleportation {unknown}
Potions
 d - 2 potions of resistance
 l - a potion of degeneration {unknown}
 p - a potion of berserk rage {unknown}
 q - a potion of might {unknown}
 r - a potion of invisibility
 t - 2 potions of curing
 v - a potion of lignification {unknown}
Comestibles
 b - 8 rations


   Skills:
 - Level 2.0 Dodging
 - Level 2.6 Stealth
 * Level 6.4 Spellcasting
 + Level 6.2 Conjurations


You had 9 spell levels left.
You knew the following spells:

 Your Spells              Type           Power        Failure   Level  Hunger
a - Magic Dart            Conj           ####         1%          1    None
b - Iskenderun's Mystic   Conj           ####....     9%          4    ####...
c - Force Lance           Conj/Tloc      ###.....     30%         4    ####...

Your spell library contained the following spells:

 Spells                   Type           Power        Failure   Level  Hunger
 Searing Ray              Conj           ####..       1%          2    None
 Dazzling Spray           Conj/Hex       ###...       9%          3    ##.....
 Fulminant Prism          Conj/Hex       ###.......   30%         4    ####...


Dungeon Overview and Level Annotations

Branches:
Dungeon (5/15)             Temple (1/1) D:4

Altars:
Cheibriados
Dithmenos
Fedhas
Gozag
Hepliaklqana
Kikubaaqudgha
Makhleb
Nemelex Xobeh
Okawaru
Qazlal
Ru
Sif Muna
Trog
Vehumet
Xom
Yredelemnul
The Shining One

Shops:
D:5 [

Annotations:
D:2 exclusion: downstairs
D:4 exclusion: downstairs


Innate Abilities, Weirdness & Mutations

You cannot wear most types of armour.
You are very stealthy in the water. (Stealth+)
You are amphibious.
You can wear up to eight rings at the same time.
You can use your tentacles to constrict eight enemies at once.
Your skin changes colour to match your surroundings (Stealth+).
Your rubbery body absorbs attacks. (AC +1, EV +1)
One of your tentacles bears a spike.
You are partially covered in icy blue scales. (AC +2)
You are partially covered in rugged brown scales. (AC +1, +3% HP)
You passively map a small area around you.


Message History

You hit the shadow imp but do no damage.
You squeeze the shadow imp, but do no damage.
The shadow imp is moderately wounded.
You constrict the shadow imp. The shadow imp hits you.
You thump the shadow imp!
You kill the shadow imp!
Sif Muna accepts your kill. The jelly hits you. The acid corrodes you!
You are splashed with acid.
There is a stone staircase leading up here.
You can't go down here!
The jelly hits you.
You are splashed with acid!
You climb upwards.
Level annotation: exclusion: downstairs
There is a stone staircase leading down here.
The jelly hits you. The acid corrodes you!
You are splashed with acid!
* * * LOW HITPOINT WARNING * * *
The jelly hits you.
* * * LOW HITPOINT WARNING * * *
You are splashed with acid!
You die...

.....#...............#####
.⌠.⌠.#......#............#
.._..#......#..#.#######.#
.⌠.⌠.#.#######.#.# #.##
.....#.# #.#.# #..#
##'###.# #.#.# ##.#
...#...# #...# #.##
...#...# ##..# #..#
...#.### #.@# ##.#
...#.##########J.# #.#
...#...^........># #.##
...###############
#####..# #### #......#
#.P....# #..>...# #.P....#
#)...P.#


You could see a jelly.

Vanquished Creatures
  Grinder (D:4)
  A howler monkey (D:3)
  A crimson imp (D:5)
  Crazy Yiuf (D:3)
  2 hounds (D:4)
  An orc wizard (D:5)
  Jessica (D:3)
  Ijyb (D:3)
  3 worker ants
  A hound zombie (D:5)
  8 adders
  2 shadow imps (D:5)
  2 adder skeletons
  4 worms
  A dart slug (D:1)
  7 leopard geckos
  3 orcs
  8 bats
  9 giant cockroaches
  12 goblins
  6 hobgoblins
  A quokka (D:4)
  4 ball pythons
  3 frilled lizards
  5 kobolds
  A quokka skeleton (D:4)
  12 rats
  A spectral orc (D:4)
102 creatures vanquished.

Notes
Turn   | Place    | Note
-------+----------+-------------------------------------------
     0 | D:1      | Atelerd the Octopode Conjurer began the quest for the Orb.
     0 | D:1      | Reached XP level 1. HP: 11/11 MP: 3/3
   504 | D:1      | Reached XP level 2. HP: 17/17 MP: 3/5
   986 | D:1      | Reached XP level 3. HP: 21/21 MP: 1/7
  1856 | D:2      | Reached XP level 4. HP: 2/27 MP: 1/9
  1959 | D:2      | Learned a level 4 spell: Iskenderun's Mystic Blast
  1964 | D:2      | Learned a level 4 spell: Force Lance
  2170 | D:2      | Found an iron altar of Okawaru.
  2199 | D:2      | Gained mutation: You evolve. [potion of mutation]
  2199 | D:2      | Gained mutation: You are partially covered in icy blue
                  | scales. (AC +2) [potion of mutation]
  2199 | D:2      | Gained mutation: You are partially covered in rugged brown
                  | scales. (AC +1, +3% HP) [potion of mutation]
  2285 | D:2      | Gained mutation: One of your tentacles bears a spike.
                  | [evolution]
  2351 | D:3      | Noticed Jessica
  2352 | D:3      | Killed Jessica
  2352 | D:3      | Reached XP level 5. HP: 31/31 MP: 5/11
  2470 | D:3      | Found a runed translucent door.
  2471 | D:3      | Noticed Crazy Yiuf
  2586 | D:3      | Found a hazy altar of Hepliaklqana.
  2621 | D:3      | Noticed Ijyb
  2628 | D:3      | Paralysed by Ijyb for 2 turns
  2632 | D:3      | Killed Ijyb
  2827 | D:3      | Found a glowing golden altar of the Shining One.
  3062 | D:3      | Reached skill level 5 in Conjurations
  3078 | D:3      | Found a snail-covered altar of Cheibriados.
  3159 | D:3      | Killed Crazy Yiuf
  3159 | D:3      | Reached XP level 6. HP: 24/37 MP: 4/13
  3332 | D:4      | Reached skill level 5 in Spellcasting
  3526 | D:4      | Noticed Grinder
  3625 | D:4      | Found a basalt altar of Yredelemnul.
  3628 | D:4      | Gained mutation: You passively map a small area around you.
                  | [evolution]
  3758 | D:4      | Killed Grinder
  3758 | D:4      | Reached XP level 7. HP: 16/42 MP: 1/15
  4001 | D:4      | Found a staircase to the Ecumenical Temple.
  4049 | Temple   | Entered the Ecumenical Temple
  4055 | Temple   | Became a worshipper of Sif Muna the Loreminder
  4213 | D:4      | Found a bloodstained altar of Trog.
  4285 | D:5      | Entered Level 5 of the Dungeon
  4287 | D:5      | Found Gosashryboe's Armour Boutique.
  4473 | D:5      | Lost mutation: You evolve. [end of evolution]
  4757 | D:4      | Splashed by a jelly's acid

Skill      XL: |  1  2  3  4  5  6  7 |
---------------+----------------------+-----
Spellcasting   | 3 4 5 6 |  6.4
Conjurations   | 5 6 |  6.2
Dodging        | |  2.0
Stealth        | |  2.6

Action                   |  1- 3 |  4- 6 |  7- 9 || total
-------------------------+-------+-------+-------++-------
Melee: Unarmed           |     6 |       |       ||     6
       Constrict         |    12 |    19 |     7 ||    38
       Tentacles         |     9 |     9 |     1 ||    19
       Dagger            |    37 |    37 |       ||    74
       Kick              |       |    17 |     3 ||    20
       Quarterstaff      |       |    27 |    26 ||    53
 Cast: Magic Dart        |    82 |    20 |     1 ||   103
       Iskenderun's Myst |       |    12 |     9 ||    21
  Use: Potion            |     1 |     5 |       ||     6
 Stab: Sleeping          |     2 |    11 |     3 ||    16
       Petrified         |       |     2 |       ||     2
       Petrifying        |       |     1 |       ||     1
  Eat: Chunk             |     2 |     8 |     2 ||    12
       Ration            |       |       |     1 ||     1
Armor: Skin              |     5 |     7 |     7 ||    19
Dodge: Dodged            |    34 |    28 |    17 ||    79
